[Event "*** Titled Tuesday Blitz"]
[Site "Chess.com"]
[Date "2021.02.02"]
[Round "4"]
[White "MariaFominykh"]
[Black "GM_LOADING"]
[Result "0-1"]
[WhiteElo "2279"]
[BlackElo "2455"]
[TimeControl "180+1"]
[EndTime "10:42:26 PST"]
[Termination "GM_LOADING won on time"]

1. d4 Nf6 2. c4 e6 3. g3 Bb4+ 4. Bd2 a5 5. Bg2 d6 6. Nf3 Nbd7 7. O-O e5 8. Bg5 exd4 9. Nxd4 O-O 10. Qc2 h6 11. Bf4 Nh5 12. Bc1 Re8 13. Nc3 Ne5 14. Nd5 Bc5 15. Rd1 c6 16. Ne3 a4 17. Rb1 Nf6 18. Ndf5 Qc7 19. h3 Be6 20. b4 axb3 21.
axb3 Red8 22. Bb2 Qb6 23. Bd4 Bxf5 24. Nxf5 Bxd4 25. Nxd4 Ra3 26. Nf5 Qb4 27. Ne7+ Kh8 28. Nf5 Ng6 29. Kh2 d5 30. Qb2 Raa8 31. Nxh6 dxc4 32.
Nxf7+ Kh7 33. Nxd8 c3 34. Qc2 Qb6 35. Ne6 c5 36.
Nf4 Nh5 37. Qxg6+ Qxg6 38. Nxg6 Kxg6 39. Bf3 c2 40. Rd3 cxb1=Q 41. Be4+ Kh6 42. Rd6+ Nf6 43. Bxb1 Ra1 44. Bd3 Re1 0-1

[Event "*** Titled Tuesday Blitz"]
[Site "Chess.com"]
[Date "2021.02.02"]
[Round "4"]
[White "VitaliyBernadskiy"]
[Black "Pintacara"]
[Result "1-0"]
[WhiteElo "2724"]
[BlackElo "2503"]
[TimeControl "180+1"]
[EndTime "10:42:27 PST"]
[Termination "VitaliyBernadskiy won by resignation"]

1. d4 d5 2. c4 e6 3. Nc3 Nf6 4. Nf3 c6 5. e3 Nbd7 6. Qc2 Be7 7. b3 b6 8. Bd3 Bb7 9. Bb2 c5 10. O-O-O Rc8 11. Kb1 O-O 12. cxd5 cxd4 13. Nxd4 Nxd5 14. Nde2 g6 15. Qd2 Ne5 16. Nxd5 Qxd5 17. Nf4 Qd6 18.
Bc2 Qxd2 19. Rxd2 Bf6 20. Rhd1 Rc7 21. b4 Rfc8 22. Bb3 Be4+ 23. Ka1 Bc2 24. Bxc2 Rxc2 25. Kb1 Rxb2+ 26. Rxb2 Nc4 27. Rb3 b5 28. Ne2 Kg7 29.
Nc1 Rc7 30. Nd3 h5 31. a3 h4 32. h3 g5 33. Nc5 a5 34. Ne4 a4 35. Rbd3 Ne5 36. Nxf6 Kxf6 37. Kb2 Nxd3+ 38. Rxd3 Ke7 39.
Rd4 f6 40. f4 Rd7 41. Kc3 Rxd4 42. Kxd4 Kd6 43. fxg5 fxg5 44. Ke4 Kd7 45. Ke5 Ke7 46.
e4 Kf7 47. Kd6 Kf6 48. Kc5 Ke5 49. Kxb5 Kxe4 50. Kc4 Ke5 51. Kc5 Kf5 52. b5 e5 53. b6 e4 54. Kd4 e3 55. Kxe3 g4 56. b7 gxh3 57. gxh3 Ke5 58. b8=Q+ Kd5 59. Qb5+ 1-0

[Event "*** Titled Tuesday Blitz"]
[Site "Chess.com"]
[Date "2021.02.02"]
[Round "4"]
[White "MrrRefrao"]
[Black "esapunov"]
[Result "0-1"]
[WhiteElo "2397"]
[BlackElo "2606"]
[TimeControl "180+1"]
[EndTime "10:42:27 PST"]
[Termination "esapunov won on time"]

1. e4 c5 2. Nf3 d6 3. d4 cxd4 4. Nxd4 Nf6 5. Nc3 Nc6 6. Bg5 e6 7.
Qd2 a6 8. O-O-O h6 9. Nxc6 bxc6 10. Bf4 d5 11. Qe3 Bb4 12. Be2 O-O 13. e5 Nd7 14. h4 f6 15. exf6 Qxf6 16. Bg3 e5 17. Qd3 Nc5 18.
Qf3 Qe7 19. Qe3 Re8 20. Rhe1 Bf5 21. Bh5 g6 22. Bf3 e4 23. Be2 Ne6 24. Be5 Ng7 25. Bd4 Kh7 26. g4 Be6 27. h5 g5 28. f3 exf3 29.
Bd3+ Kh8 30. Qxf3 Rad8 31. a3 Bd6 32. Bg6 Bf4+ 33. Kb1 Rf8 34. Qe2 Qd6 35. Qxa6 c5 36. Qxd6 Rxd6 37. Nb5 cxd4 38. Nxd6 Bxd6 39. Rxd4 Bf4 40.
b4 Bxg4 41. b5 Bxh5 42. Bxh5 Nxh5 43. Rxd5 Nf6 44. Rc5 Rb8 45. Re6 Kg7 0-1

[Event "*** Titled Tuesday Blitz"]
[Site "Chess.com"]
[Date "2021.02.02"]
[Round "4"]
[White "LileKoridze"]
[Black "QuintilianoR"]
[Result "0-1"]
[WhiteElo "2376"]
[BlackElo "2702"]
[TimeControl "180+1"]
[EndTime "10:42:27 PST"]
[Termination "QuintilianoR won by resignation"]

1. d4 d5 2. c4 c6 3. Nf3 Nf6 4.
Nc3 dxc4 5. a4 Bf5 6. e3 e6 7. Bxc4 Bb4 8. O-O O-O 9. Nh4 Bg4 10.
f3 Bh5 11. g4 Nd5 12. Bxd5 cxd5 13. Ng2 Bg6 14. Nf4 Nc6 15. Nce2 Bd6 16. Bd2 a5 17. Nxg6 fxg6 18. Qe1 Qb6 19. Nc3 Rae8 20. Nb5 Bb8 21. f4 Qd8 22. Rc1 g5 23. Kh1 gxf4 24. exf4 Rf7 25.
Rf3 Qd7 26. Qf1 Ref8 27. Rcc3 b6 28. Qc1 Ne7 29. Rf1 Ng6 30. Rcf3 e5 31. f5 e4 32.
R3f2 Nh4 33. Bf4 Nf3 34. Bxb8 Rxb8 35. Qf4 Rbf8 36. Rc2 Qd8 37. Rxf3 exf3 38. Qxf3 g6 39. Rf2 gxf5 40. gxf5 Rxf5 41. Qg4+ Qg5 42. Qxg5+ Rxg5 43. Rxf8+ Kxf8 44. Nc7 Ke7 45. Na8 Rg6 46. Nc7 Kd6 47. Nb5+ Kc6 48. Nc3 Rg4 49. Nb5 Re4 50. Na7+ Kd7 51.
Nb5 Re2 52. Nc3 Rxb2 53. Nxd5 Rb4 54. Nxb4 axb4 55. Kg2 b3 0-1

[Event "*** Titled Tuesday Blitz"]
[Site "Chess.com"]
[Date "2021.02.02"]
[Round "4"]
[White "CzechmVIII"]
[Black "2nd_life"]
[Result "0-1"]
[WhiteElo "2271"]
[BlackElo "2447"]
[TimeControl "180+1"]
[EndTime "10:42:28 PST"]
[Termination "2nd_life won on time"]

1. e4 d5 2. exd5 Qxd5 3. Nc3 Qd6 4. d4 c6 5. Nf3 Nf6 6. h3 Bf5 7. Ne5 Nbd7 8. Nc4 Qc7 9. Qf3 e6 10. Bf4 Qd8 11. O-O-O Nb6 12. Ne5 Nbd5 13. g4 Bg6 14. Bg5 Nxc3 15. Qxc3 Ne4 16. Bxd8 Nxc3 17. bxc3 Rxd8 18.
Bg2 Ba3+ 19. Kd2 Bd6 20. f4 Bxe5 21. fxe5 Kd7 22. Rb1 Kc7 23. h4 h5 24. g5 b6 25.
Rhf1 Rd7 26. Bf3 Rhd8 27. Be2 c5 28. Bd3 Bxd3 29. cxd3 cxd4 30. cxd4 Rxd4 31. Rbc1+ Kb8 32. Rxf7 Rxd3+ 33. Ke2 R3d7 34. Rcf1 Kc7 35. g6 Kc6 36. Rxd7 Rxd7 37. Rf7 b5 38. Ke3 a5 39. Kf4 b4 40.
Kg5 a4 41. Rf8 b3 42. axb3 axb3 43. Rc8+ Rc7 44. Rb8 Rb7 45. Rc8+ Kd5 46. Rc1 Kxe5 47. Kxh5 Kf4 48. Rf1+ Kg3 49. Kg5 Rb5+ 0-1

[Event "*** Titled Tuesday Blitz"]
[Site "Chess.com"]
[Date "2021.02.02"]
[Round "4"]
[White "korbul"]
[Black "Kapitan_Bayan"]
[Result "1-0"]
[WhiteElo "2616"]
[BlackElo "2440"]
[TimeControl "180+1"]
[EndTime "10:42:30 PST"]
[Termination "korbul won by checkmate"]

1. d4 Nf6 2. c4 e6 3. Nf3 d5 4. Nc3 c5 5. e3 Nc6 6. a3 a6 7.
dxc5 Bxc5 8. b4 Ba7 9. Bb2 O-O 10.
Be2 dxc4 11. Bxc4 Qe7 12. O-O b5 13. Bd3 Bb7 14. Qc2 Rac8 15. Rad1 Bb8 16. Qb1 Ne5 17. Nxe5 Bxe5 18. Ne2 Bxb2 19. Qxb2 Rfd8 20. Nf4 e5 21. Ne2 Ng4 22. h3 Nf6 23. Bf5 Rc4 24. Rxd8+ Qxd8 25. Qxe5 g6 26. Bb1 Qd5 27. Qxd5 Nxd5 28. Bd3 Rc7 29.
Rc1 Rxc1+ 30. Nxc1 Nc3 31. f3 Bd5 32. Kf2 Kf8 33.
e4 Be6 34. Ke3 Ke7 35. Kd4 Na2 36. Nxa2 Bxa2 37. Kc5 Kd7 38. Kb6 Bc4 39. Bc2 Bf1 40. Kxa6 Bxg2 41. Kxb5 Bxh3 42. a4 Kc7 43. a5 Bf1+ 44.
Kc5 h5 45. b5 h4 46. b6+ Kb8 47. e5 h3 48. Be4 g5 49. Bc6 h2 50. f4 g4 51. f5 g3 52. e6 g2 53. Bxg2 Bxg2 54.
exf7 Bb7 55. f8=Q+ Bc8 56. Qd6+ Ka8 57. Qxh2 Bb7 58. Qh8+ Bc8 59. Qxc8# 1-0

[Event "*** Titled Tuesday Blitz"]
[Site "Chess.com"]
[Date "2021.02.02"]
[Round "4"]
[White "kasparicy"]
[Black "Legendinunknown"]
[Result "0-1"]
[WhiteElo "2332"]
[BlackElo "2590"]
[TimeControl "180+1"]
[EndTime "10:42:32 PST"]
[Termination "Legendinunknown won by resignation"]

1. e4 e5 2. Nf3 Nc6 3. Bc4 Nf6 4.
d3 Be7 5. c3 O-O 6. Bb3 d6 7.
Nbd2 Kh8 8. O-O Ng8 9. d4 f5 10.
exf5 Bxf5 11. dxe5 dxe5 12. Re1 Bd6 13. Nf1 e4 14. Bg5 Qd7 15. Nh4 Ne5 16. Nxf5 Qxf5 17.
Be3 Ng4 18. Qe2 Nxe3 19. Nxe3 Qf4 20. g3 Qg5 21. Bd5 Rae8 22. Qg4 Qh6 23. Bxb7 Nf6 24. Qh4 Qxh4 25. gxh4 Rb8 26. Bc6 Rxb2 27. Reb1 Rxb1+ 28. Rxb1 g6 29. Rb7 Kg7 30. Rxa7 Kh6 31. Nd5 Nxd5 32. Bxd5 Rf4 33. Ra4 Rg4+ 34. Kf1 Rxh4 35.
Rxe4 Rxh2 36. Ke2 Bg3 37. Re7 Rxf2+ 38. Kd3 Bf4 39. Bg8 Rd2+ 40. Kc4 Rxa2 41. Rxh7+ Kg5 42. Bf7 Ra6 43. Be8 Rf6 44. Kb5 Bd6 45. c4 Kf4 46.
Rg7 g5 47. Bd7 Be5 48. c5 Rf8 49. c6 Bxg7 0-1

[Event "*** Titled Tuesday Blitz"]
[Site "Chess.com"]
[Date "2021.02.02"]
[Round "4"]
[White "DamianoLew95"]
[Black "AniJak"]
[Result "1-0"]
[WhiteElo "2581"]
[BlackElo "2285"]
[TimeControl "180+1"]
[EndTime "10:42:32 PST"]
[Termination "DamianoLew95 won by resignation"]

1. e4 c6 2. d4 d5 3. Nc3 dxe4 4.
Nxe4 Nf6 5. Nxf6+ exf6 6. c3 Bd6 7. Bd3 O-O 8. Qc2 Re8+ 9. Ne2 h5 10. Be3 Nd7 11. h3 Nf8 12. g4 h4 13. O-O-O Qa5 14. Kb1 Be6 15. b3 b5 16. Nf4 Bxf4 17. Bxf4 Bd5 18.
Rhg1 c5 19. dxc5 Bf3 20. Rde1 b4 21. cxb4 Qxb4 22. Bd2 Qd4 23. Be3 Qd5 24. g5 fxg5 25. Rxg5 Qxg5 26. Bxg5 Rxe1+ 27. Kb2 Ne6 28. Be3 Rc8 29.
b4 Rh1 30. Bf5 a6 31. Bxe6 fxe6 32. Qg6 Bd5 33. Bd4 Rc7 34. Qe8+ Kh7 35. Be5 Rb7 36. a3 Re1 37. Bd4 Re4 38. Kc3 Rf4 39. Be3 Rf3 40. Qh5+ Kg8 41. Qxh4 Rbf7 42. Qd8+ Kh7 43. h4 Rh3 44.
Qe8 Rff3 45. c6 Rh1 46. Kd2 Ra1 47. c7 Ra2+ 48. Kd3 Bc6 49. Qxc6 1-0

[Event "*** Titled Tuesday Blitz"]
[Site "Chess.com"]
[Date "2021.02.02"]
[Round "4"]
[White "GCamachoMartinez"]
[Black "Meri-Arabidze"]
[Result "0-1"]
[WhiteElo "2424"]
[BlackElo "2612"]
[TimeControl "180+1"]
[EndTime "10:42:32 PST"]
[Termination "Meri-Arabidze won on time"]

1. d4 d5 2. c4 e6 3. Nf3 Nf6 4.
g3 Bb4+ 5. Bd2 Be7 6. Bg2 O-O 7. O-O Nbd7 8. Qc2 Ne4 9. Bf4 c6 10. Nc3 g5 11. Be3 Nd6 12. b3 Nf5 13. Bd2 g4 14.
Ne1 Nxd4 15. Qd1 Nf5 16. e4 dxe4 17. Qxg4+ Kh8 18. Nxe4 f6 19. Rd1 Ne5 20. Qf4 Qe8 21. Bc3 Ng6 22. Qc1 a5 23. Nf3 a4 24. Qb2 e5 25. Rfe1 Qf7 26. h4 h5 27. Qe2 Kg8 28.
Nh2 Ng7 29. Nf1 Bg4 30. Bf3 Bxf3 31. Qxf3 axb3 32. axb3 f5 33. Ng5 Bxg5 34. hxg5 e4 35. Qe3 Rae8 36. Rd6 Ne6 37. Qe2 f4 38. Qxh5 fxg3 39.
fxg3 Re7 40. Nh2 Qf2+ 41. Kh1 Rh7 42. Qxh7+ Kxh7 43. Rd7+ Rf7 44. Rxf7+ Qxf7 45. Rf1 Qd7 46. Ng4 Qd3 47. Nf6+ Kh8 48. Ba1 Qxf1+ 0-1

[Event "*** Titled Tuesday Blitz"]
[Site "Chess.com"]
[Date "2021.02.02"]
[Round "4"]
[White "anantone"]
[Black "MaxLeto"]
[Result "1-0"]
[WhiteElo "2531"]
[BlackElo "2336"]
[TimeControl "180+1"]
[EndTime "10:42:32 PST"]
[Termination "anantone won on time"]

1. c4 e5 2. g3 Nc6 3. Bg2 Nf6 4. Nc3 Bc5 5. e3 O-O 6. Nge2 Re8 7. d3 d6 8. O-O Bf5 9. a3 a5 10. Nd5 Nxd5 11. cxd5 Ne7 12. d4 exd4 13. Nxd4 Bg6 14. h4 h6 15. h5 Bh7 16. Qd2 Qd7 17. b3 Qg4 18. Bf3 Qg5 19. Bb2 Nxd5 20. Nb5 Nxe3 21. Nxc7 Nxf1 22. Qxg5 hxg5 23. Kxf1 Bc2 24. Bd5 Rac8 25.
Nxe8 Rxe8 26. Rc1 Bd3+ 27. Kg2 Re2 28. b4 axb4 29. axb4 Rxf2+ 30. Kh1 Rxb2 31. bxc5 dxc5 32. Rxc5 g6 33. h6 Kh7 34. Bxf7 Kxh6 35. g4 Rb4 36. Be6 Be4+ 37. Kg1 Bc6 38. Re5 Re4 39. Rxe4 Bxe4 40. Kf2 Kg7 41. Ke3 Bc6 42. Kd4 Kf6 43. Bc8 Ke7 44.
Ke5 b6 45. Ba6 Bf3 46. Bd3 1-0

[Event "*** Titled Tuesday Blitz"]
[Site "Chess.com"]
[Date "2021.02.02"]
[Round "4"]
[White "Oleksandr_Bortnyk"]
[Black "TST2014"]
[Result "1-0"]
[WhiteElo "2905"]
[BlackElo "2545"]
[TimeControl "180+1"]
[EndTime "10:42:33 PST"]
[Termination "Oleksandr_Bortnyk won by checkmate"]

1. e4 c5 2. Nf3 Nc6 3. c3 Nf6 4. e5 Nd5 5. d4 cxd4 6. cxd4 d6 7.
Nc3 Nxc3 8. bxc3 d5 9. Bd3 Bg4 10. h3 Bh5 11. e6 fxe6 12. g4 Bg6 13. Bxg6+ hxg6 14. Qd3 Qd6 15. Qxg6+ Kd7 16. Rb1 b6 17. Qg5 g6 18. Qxg6 e5 19. Qf7 exd4 20. cxd4 Bh6 21. Qf5+ e6 22. Qf7+ Qe7 23. Qxe7+ Kxe7 24. Bxh6 Rxh6 25.
g5 Rhh8 26. h4 Raf8 27. Ke2 Rf4 28. Rbd1 Re4+ 29. Kf1 Rf8 30. Rh3 Ref4 31. Kg2 Rg4+ 32. Rg3 Rff4 33. h5 Nxd4 34. Nxd4 Rxd4 35. Rxd4 Rxd4 36.
g6 Kf8 37. Kh3 Rd1 38. Kg4 Kg7 39. Kg5 Rh1 40. f4 b5 41. Rg2 b4 42. f5 exf5 43.
Rc2 Rg1+ 44. Kxf5 Rf1+ 45. Ke5 Kh6 46. Rg2 Rf8 47. g7 Rg8 48. Kf6 a5 49. Kf7 Kh7 50.
Rg6 d4 51. Rh6+ Kxh6 52. Kxg8 d3 53. Kf7 d2 54. g8=Q d1=Q 55. Qg6# 1-0

[Event "*** Titled Tuesday Blitz"]
[Site "Chess.com"]
[Date "2021.02.02"]
[Round "4"]
[White "PowerThinking2650"]
[Black "Lion-Al-Messi"]
[Result "0-1"]
[WhiteElo "2386"]
[BlackElo "2570"]
[TimeControl "180+1"]
[EndTime "10:42:33 PST"]
[Termination "Lion-Al-Messi won by resignation"]

1. e4 e6 2. d4 d5 3. Nd2 c5 4.
Ngf3 cxd4 5. exd5 Qxd5 6. Bc4 Qd6 7. O-O Nf6 8. Nb3 Nc6 9. Nbxd4 Nxd4 10. Nxd4 Be7 11.
b3 O-O 12. Bb2 a6 13. a4 e5 14. Nf3 e4 15. Ne5 Bf5 16. Qxd6 Bxd6 17. Rad1 Be7 18. h3 Rad8 19. Rxd8 Bxd8 20. Ba3 Bc7 21. Bxf8 Kxf8 22. f4 exf3 23. Nxf3 Bxc2 24. Re1 Bb6+ 25. Kh2 Bc7+ 26. Kg1 Bb6+ 27. Kh2 Ne4 28. Re2 Bb1 29. Re1 Bc7+ 30. Kg1 Bb6+ 31. Kh2 Nc3 32. Rc1 Bc7+ 33. Kh1 Ba5 34. Ne5 f6 35. Nd7+ Ke7 36. Nc5 b5 37. axb5 axb5 38. Nb7 Bb4 39. Bxb5 Be4 40. Re1 f5 41.
Bc6 g6 42. Bxe4 Nxe4 43. Re3 Kd7 44. Rd3+ Kc7 45. Rd4 Bc3 46. Rc4+ Kxb7 47. g4 Be5 48. gxf5 gxf5 49. Kg2 h5 50. Rxe4 fxe4 51. Kf2 Bf4 52.
Ke2 e3 53. Kf3 Kb6 0-1

[Event "*** Titled Tuesday Blitz"]
[Site "Chess.com"]
[Date "2021.02.02"]
[Round "4"]
[White "SantoBlue"]
[Black "LyonBeast"]
[Result "0-1"]
[WhiteElo "2827"]
[BlackElo "3104"]
[TimeControl "180+1"]
[EndTime "10:42:34 PST"]
[Termination "LyonBeast won by resignation"]

1. d4 d5 2. c4 c6 3. cxd5 cxd5 4. Bg5 Nf6 5. Bxf6 gxf6 6. Nc3 Nc6 7. Nf3 Bf5 8. e3 e6 9. Bd3 Bg6 10. Rc1 Rc8 11. O-O Bb4 12. a3 Ba5 13. g3 O-O 14. Nh4 Bxd3 15. Qxd3 f5 16. Ne2 Ne7 17.
Nf3 Qd6 18. Kg2 Rc6 19. Ne5 Rxc1 20. Rxc1 f6 21. Nf3 Kf7 22. Qb5 Bb6 23. Nf4 Rc8 24. Rxc8 Nxc8 25. Nd3 Qc7 26. Qb3 Nd6 27. Qd1 Qc8 28.
Nfe1 Ne4 29. Nf4 Bc7 30. Nfd3 Bb8 31. Qh5+ Kg7 32. f3 Nd6 33. Nf4 Nc4 34. Kf2 Nxb2 35. Qh4 Bxf4 36. gxf4 Qe8 37. Qh3 Nc4 38. Qg2+ Kf8 39.
Nd3 b6 40. Qh3 Qf7 41. a4 Ke8 42. Nb4 Kd7 43. Nd3 a5 44. Ke2 Qg6 45. Qf1 Qh5 46. Qg2 Qg6 47. Qf1 Kc6 48. Qb1 Qg2+ 49. Nf2 Qxf3+ 50.
Kxf3 Nd2+ 51. Ke2 Nxb1 52. Kd3 Na3 53. Kc3 Nc4 0-1

[Event "*** Titled Tuesday Blitz"]
[Site "Chess.com"]
[Date "2021.02.02"]
[Round "4"]
[White "LiamVrolijk"]
[Black "Nikolakis2014"]
[Result "1-0"]
[WhiteElo "2845"]
[BlackElo "2643"]
[TimeControl "180+1"]
[EndTime "10:42:34 PST"]
[Termination "LiamVrolijk won by resignation"]

1. d4 Nf6 2. c4 e6 3. Nf3 d5 4.
Nc3 Bb4 5. cxd5 exd5 6. Bg5 h6 7. Bh4 O-O 8. e3 Bf5 9. Be2 Nbd7 10. Qb3 Qe7 11. O-O c6 12. a3 Bxc3 13. bxc3 b5 14. a4 a6 15. Nd2 Qe6 16. Ra2 Nb6 17. axb5 axb5 18. Rfa1 Rxa2 19. Rxa2 Ne4 20. Nxe4 Qxe4 21. Bg3 Na4 22. Bd6 Re8 23. Bb4 Bg4 24. Bf1 Qg6 25.
Qc2 Bf5 26. Qd1 h5 27. Ra1 h4 28. Qf3 f6 29. Qf4 h3 30. g3 Qg4 31. f3 Qxf4 32.
exf4 g5 33. fxg5 fxg5 34. g4 Bc2 35. Kf2 Bb3 36. Bxh3 Nb2 37. Bg2 Nd3+ 38. Kg3 Nf4 39. Bf1 Bc4 40. h4 Bxf1 41. Rxf1 Ne2+ 42.
Kf2 Nf4 43. hxg5 Kf7 44. Rh1 Kg6 45. Bd6 Nd3+ 46. Kg3 Re3 47. Rh5 Nb2 48. Rh6+ Kg7 49. Be5+ Kf8 50. g6 Nc4 51. g7+ Kf7 52. Rh8 1-0

[Event "*** Titled Tuesday Blitz"]
[Site "Chess.com"]
[Date "2021.02.02"]
[Round "4"]
[White "ChessWarrior3"]
[Black "Sjakkerntobi"]
[Result "0-1"]
[WhiteElo "2112"]
[BlackElo "2322"]
[TimeControl "180+1"]
[EndTime "10:42:34 PST"]
[Termination "Sjakkerntobi won by checkmate"]

1. e4 e6 2. d4 d5 3. Nc3 Bb4 4. e5 Ne7 5. a4 c5 6. dxc5 Bxc5 7. Qg4 Nbc6 8. Qxg7 Rg8 9. Qxh7 Nxe5 10. Bb5+ Bd7 11. Bxd7+ Qxd7 12. Be3 Bxe3 13. fxe3 O-O-O 14. O-O-O Rxg2 15.
Nge2 Nc4 16. Qd3 Nc6 17. e4 Nb4 18. Qf3 Rg5 19. h4 Rgg8 20. exd5 exd5 21. Qf4 Rg4 22. Qf6 Kb8 23. Nf4 Ne3 24. Rd2 Nexc2 25. Rxc2 Nxc2 26.
Kxc2 d4 27. Qe5+ Ka8 28. Ncd5 d3+ 29. Kb1 a6 30. Nc7+ Ka7 31. Ncd5 Qxa4 32. Qe3+ Kb8 33. Qe5+ Ka8 34. Qe3 Qc2+ 35. Ka1 d2 36. Nb6+ Kb8 37. Qe5+ Ka7 38. Nc8+ Rxc8 39. Qe3+ Qc5 40. Qxc5+ Rxc5 41. Rd1 Rc1+ 42. Rxc1 dxc1=Q+ 43. Ka2 Qxf4 44. h5 Rh4 45. h6 Rxh6 46. b4 Rb6 47. b5 Qa4+ 48. Kb2 Rxb5+ 49. Kc3 Rd5 50. Kb2 Qc4 51. Ka3 Ra5+ 52. Kb2 Rb5+ 53. Ka3 Qb4+ 54. Ka2 Qa4# 0-1

[Event "*** Titled Tuesday Blitz"]
[Site "Chess.com"]
[Date "2021.02.02"]
[Round "4"]
[White "superchess02"]
[Black "yobdc"]
[Result "1-0"]
[WhiteElo "2803"]
[BlackElo "2519"]
[TimeControl "180+1"]
[EndTime "10:42:35 PST"]
[Termination "superchess02 won on time"]

1. b4 Nf6 2. Bb2 g6 3. g4 h6 4.
Nf3 Bg7 5. h3 d6 6. e3 e5 7. c4 a5 8. b5 Nbd7 9. d4 O-O 10. Be2 exd4 11. Nxd4 Nc5 12. a4 Re8 13. Nd2 Nfe4 14. Nxe4 Nxe4 15. Bd3 Bd7 16. Qf3 Nc5 17. Bc2 c6 18. O-O Qh4 19. Kg2 h5 20. Qg3 Qxg3+ 21. Kxg3 hxg4 22. hxg4 Ne4+ 23. Bxe4 Rxe4 24. Rab1 Rxg4+ 25. Kf3 Re8 26. Rfd1 Rh4 27. Kg3 Rh5 28. Nf3 Bxb2 29.
Rxb2 d5 30. cxd5 cxd5 31. Rbd2 Be6 32. Rc1 Kg7 33. Rc7 b6 34. Rb7 Reh8 35. Rxb6 Rh3+ 36.
Kf4 R8h5 37. e4 dxe4 38. Kxe4 Bf5+ 39. Kf4 Be6 40. Nd4 R5h4+ 41. Ke5 Bg4 42. Ra6 Bf3 43. Ra7 Re4+ 44. Kd6 Bh1 45. b6 Rhh4 46. Nc6 1-0

[Event "*** Titled Tuesday Blitz"]
[Site "Chess.com"]
[Date "2021.02.02"]
[Round "4"]
[White "ShapkinAnatoliy"]
[Black "BigAl"]
[Result "1-0"]
[WhiteElo "2632"]
[BlackElo "2473"]
[TimeControl "180+1"]
[EndTime "10:42:35 PST"]
[Termination "ShapkinAnatoliy won on time"]

1. d4 g6 2. e4 Bg7 3. c4 d6 4. Nf3 Nf6 5. Nc3 O-O 6. Be2 Bg4 7. Be3 Nbd7 8. O-O e5 9. d5 a5 10. Nd2 Bxe2 11. Qxe2 Nh5 12. b3 Nf4 13. Qf3 f5 14. exf5 gxf5 15. Bxf4 exf4 16. Rae1 Ne5 17. Qe2 Qf6 18.
Nb5 Rf7 19. Nd4 Nxc4 20. Nxc4 Qxd4 21. Qf3 b5 22. Rd1 Qe4 23. Nd2 Qxf3 24. Nxf3 Re8 25. Rfe1 Re4 26. Ng5 Rfe7 27. Nxe4 fxe4 28. Kf1 b4 29. f3 e3 30. Re2 Kf8 31. Rd3 Be5 32. g3 Ke8 33. Kg2 Kd7 34. Rc2 h5 35. Re2 Rg7 36.
Kf1 Rg5 37. gxf4 Bxf4 38. Rg2 Re5 39. Ke2 Kc8 40. Rd1 Kb7 41. Rg7 Kb6 42. h3 h4 43. Rf7 Bg3 44. f4 Re4 45. f5 Be5 46. Rc1 Rd4 47. Kxe3 Rxd5 48. Rcxc7 Bd4+ 49. Ke4 1-0

[Event "*** Titled Tuesday Blitz"]
[Site "Chess.com"]
[Date "2021.02.02"]
[Round "4"]
[White "Azde"]
[Black "GregShahade"]
[Result "1/2-1/2"]
[WhiteElo "2450"]
[BlackElo "2662"]
[TimeControl "180+1"]
[EndTime "10:42:35 PST"]
[Termination "Game drawn by repetition"]

1. d4 Nf6 2. c4 g6 3. Nc3 d5 4. Bf4 Bg7 5. e3 c5 6. dxc5 Qa5 7. Rc1 dxc4 8. Bxc4 O-O 9. Nf3 Nbd7 10. O-O Nxc5 11.
Qe2 Be6 12. Rfd1 Rac8 13. Bxe6 Nxe6 14. Be5 Rfd8 15. Rxd8+ Rxd8 16. Rd1 Rxd1+ 17. Qxd1 Qd8 18. Qxd8+ Nxd8 19. Kf1 Nc6 20. Ke2 Nxe5 21. Nxe5 Ne4 22. Nxe4 Bxe5 23. b3 Kf8 24. f4 Bc7 25. Kd3 Ke8 26. g4 f6 27. h3 b6 28. f5 gxf5 29.
gxf5 Kd7 30. Kd4 Kc6 31. a4 a6 32. Kc4 b5+ 33. axb5+ axb5+ 34. Kd3 Bb6 35. Nc3 b4 36. Na4 Ba7 37. Ke4 Kd6 38. Nb2 e6 39. Nc4+ Kd7 40. Kf4 Bc5 41. e4 Ke7 42. e5 fxe5+ 43. Kxe5 exf5 44. Kxf5 Kf7 45. h4 Kg7 46. h5 Kh6 47.
Kg4 Kg7 48. Ne5 Bd6 49. Nd3 Kf6 50. Kh4 Kf5 51. Kh3 Ke4 52. Nxb4 Bxb4 53. Kg2 Kf4 54. Kh1 Kg5 55. Kg2 h6 56. Kh1 Kxh5 57. Kg2 Kg4 58.
Kh2 h5 59. Kg2 h4 60. Kh2 h3 61. Kh1 Kg3 62. Kg1 Bc5+ 63. Kh1 Bb4 64. Kg1 Kf3 65. Kh1 Kg4 66. Kh2 Kh4 67. Kh1 Kg3 1/2-1/2

[Event "*** Titled Tuesday Blitz"]
[Site "Chess.com"]
[Date "2021.02.02"]
[Round "4"]
[White "Guriempire"]
[Black "DanilNajdin"]
[Result "1-0"]
[WhiteElo "2743"]
[BlackElo "2456"]
[TimeControl "180+1"]
[EndTime "10:42:36 PST"]
[Termination "Guriempire won by checkmate"]

1. g3 d5 2. Bg2 e5 3. b3 Nf6 4. Bb2 Nc6 5. e3 Bg4 6. Ne2 Bd6 7. h3 Be6 8. d3 Qe7 9. a3 O-O 10. Nd2 Rad8 11. O-O Qd7 12. Kh2 Ne7 13. f4 exf4 14. Nxf4 Nf5 15. Bxf6 gxf6 16. Qf3 Kh8 17. Qf2 Rg8 18.
g4 Ne7 19. Qh4 f5 20. Kh1 Be5 21. d4 Bg7 22. g5 Ng6 23. Qf2 c6 24. Rae1 Rgf8 25.
Nh5 Rde8 26. b4 f6 27. gxf6 Bxf6 28. Nxf6 Rxf6 29. e4 dxe4 30. Nxe4 Rff8 31. Nc5 Qd6 32. Nxb7 Qc7 33. Nc5 Bc4 34. Rxe8 Rxe8 35. Re1 Rxe1+ 36. Qxe1 Qf4 37. c3 Nh4 38. Qe5+ Qxe5 39. dxe5 f4 40. Bxc6 Kg7 41. Kg1 Kg6 42. Be4+ Kg7 43. Kf2 h6 44. Nd3 Bxd3 45. Bxd3 Kf7 46. c4 Ke6 47. c5 Kxe5 48. c6 Kd6 49. b5 Kc7 50.
a4 f3 51. a5 Ng2 52. Kxf3 Ne1+ 53. Ke2 Ng2 54. Be4 Nf4+ 55. Ke3 Nxh3 56. Kd4 Ng5 57. Bd5 h5 58. Kc5 h4 59. b6+ axb6+ 60. axb6+ Kc8 61.
Kd6 h3 62. c7 h2 63. b7# 1-0

[Event "*** Titled Tuesday Blitz"]
[Site "Chess.com"]
[Date "2021.02.02"]
[Round "4"]
[White "nocnypako"]
[Black "VinzentSpitzl"]
[Result "1-0"]
[WhiteElo "2581"]
[BlackElo "2396"]
[TimeControl "180+1"]
[EndTime "10:42:37 PST"]
[Termination "nocnypako won by resignation"]

1. d4 d5 2. c4 e6 3. Nc3 Bb4 4.
a3 Bxc3+ 5. bxc3 Nf6 6. cxd5 exd5 7. e3 O-O 8. Bd3 b6 9. Ne2 Ba6 10. Bxa6 Nxa6 11. Qd3 Qc8 12. O-O c5 13. f3 Re8 14.
Ng3 Nc7 15. e4 cxd4 16. cxd4 dxe4 17. fxe4 Qe6 18. d5 Qd7 19. h3 Qb5 20. Qf3 Qc5+ 21. Be3 Qd6 22. Nf5 Qe5 23. Bf4 Qxe4 24. Qxe4 Rxe4 25. Bxc7 Nxd5 26. Rac1 g6 27. Nh6+ Kg7 28. Nxf7 Ne3 29. Be5+ Rxe5 30. Nxe5 Nxf1 31. Rxf1 b5 32. Rf7+ Kh6 33. Rb7 a6 34. h4 g5 35. Nf7+ Kh5 36.
Nxg5 Kxh4 37. Nf3+ Kg3 38. Rxh7 Rc8 39. Rg7+ Kf4 40.
Ra7 Rc6 41. Nd4 Rd6 42. Nb3 Kg3 43. Rg7+ Kf4 44. Kf2 Rd3 45. Nc5 Rxa3 46. g3+ Ke5 47. Ke2 b4 48. Nd3+ Kd4 49. Nxb4 Ke4 50. Rg4+ Kf5 51.
Rf4+ Ke5 52. Nd3+ Kd5 53. g4 a5 54. g5 Ra2+ 55. Kf3 Ra3 56. Ke3 Ra2 57. Rg4 Ke6 58. g6 Kf5 59. g7 Kxg4 60. g8=Q+ Kf5 1-0

[Event "*** Titled Tuesday Blitz"]
[Site "Chess.com"]
[Date "2021.02.02"]
[Round "4"]
[White "utsavp"]
[Black "Blitzking642"]
[Result "0-1"]
[WhiteElo "2296"]
[BlackElo "2469"]
[TimeControl "180+1"]
[EndTime "10:42:37 PST"]
[Termination "Blitzking642 won by checkmate"]

1. e4 c5 2. Nf3 Nc6 3. Bc4 e6 4.
O-O Nf6 5. e5 Ng4 6. Re1 Qc7 7.
Qe2 d6 8. exd6 Bxd6 9. h3 Nge5 10. Nxe5 Bxe5 11. Bb5 Bh2+ 12. Kh1 Bd6 13. Nc3 O-O 14.
Bxc6 Qxc6 15. d3 b6 16. Ne4 Bb7 17. f4 Bc7 18. Be3 Rae8 19. Ng5 f5 20. Nf3 e5 21. Qd2 Qg6 22. Nxe5 Bxe5 23. fxe5 f4 24. Bg1 f3 25.
Re3 f2 26. Re4 Bxe4 27. dxe4 fxg1=Q+ 28. Rxg1 Qxe4 29. e6 Qxe6 30. Rd1 h6 31. Qc3 Kh8 32. a4 Qf6 33. Qg3 Rd8 34. Re1 Rfe8 35. Rg1 Qe5 36. Qg4 Qxb2 37. Qg6 Qf6 38. Qg4 Re5 39.
Qg3 Rde8 40. Qh4 Qxh4 41. Kh2 Re2 42. c4 Qf2 43. Kh1 R8e3 44. h4 Rh3+ 45. gxh3 Qh2# 0-1